PAAA
ELLENBURG FIGHTING DACHSUNDS @ CALGARY LYNX
05/17/2034
 
TOP OF THE 1ST
Ellenburg Fighting Dachsunds batting - Pitching for Calgary Lynx : RHP Greg Fontenot
Pitching: RHP Greg Fontenot
Batting: RHB Oscar McMillan 0-0: Bunted foul
0-1: Ball
1-1: Called Strike
1-2: Ball
2-2: Fly out, F8 (Flyball, 8LXD)
Batting: SHB Ben Boston 0-0: Ball
1-0: Foul Ball, location: 2F
1-1: Foul Ball, location: 2F
1-2: Foul Ball, location: 2F
1-2: Foul Ball, location: 2F
1-2: Strikes out looking
Batting: LHB Vladya Pugiev 0-0: Called Strike
0-1: Called Strike
0-2: SINGLE (Flyball, 8LS)
Batting: RHB Alan McLennan 0-0: Ball
Vladya Pugiev steals 2nd base
1-0: Ball
2-0: Called Strike
2-1: Swinging Strike
2-2: Foul Ball, location: 2F
2-2: Strikes out swinging
Top of the 1st over - 0 runs, 1 hit, 0 errors, 1 left on base; Ellenburg 0 - Calgary 0
BOTTOM OF THE 1ST
Calgary Lynx batting - Pitching for Ellenburg Fighting Dachsunds : LHP Gerald Bolton
Pitching: LHP Gerald Bolton
Batting: RHB Jing-sheng Joo 0-0: Ball
1-0: Ball
2-0: Foul Ball, location: 2F
2-1: Fly out, F9 (Flyball, 9S)
Batting: LHB Michael Ward 0-0: Ground out U3 (Groundball, 3)
Batting: RHB Hani Azwan 0-0: Ball
1-0: Swinging Strike
1-1: Ground out U3 (Groundball, 34S)
Bottom of the 1st over - 0 runs, 0 hits, 0 errors, 0 left on base; Ellenburg 0 - Calgary 0
TOP OF THE 2ND
Ellenburg Fighting Dachsunds batting - Pitching for Calgary Lynx : RHP Greg Fontenot
Batting: RHB Asko Riikonen 0-0: Foul Ball, location: 2F
0-1: Ball
1-1: Called Strike
1-2: Foul Ball, location: 2F
1-2: Foul Ball, location: 2F
1-2: Ball
2-2: Strikes out swinging
Batting: LHB Vicente Castaneda 0-0: Ball
1-0: Ground out 5-3 (Groundball, 5)
Batting: RHB Manuel Rosales 0-0: Called Strike
0-1: Foul Ball, location: 2F
0-2: Ball
1-2: Strikes out swinging
Top of the 2nd over - 0 runs, 0 hits, 0 errors, 0 left on base; Ellenburg 0 - Calgary 0
BOTTOM OF THE 2ND
Calgary Lynx batting - Pitching for Ellenburg Fighting Dachsunds : LHP Gerald Bolton
Batting: RHB Júlio Vargas 0-0: Foul Ball, location: 2F
0-1: Foul Ball, location: 2F
0-2: Foul Ball, location: 2F
0-2: Foul Ball, location: 2F
0-2: Ball
1-2: Ball
2-2: Ball
3-2: SINGLE (Groundball, 6MD)
Batting: RHB José de la Cavallería 0-0: Swinging Strike
0-1: Ground out 6-3 (Groundball, 6S)
Júlio Vargas to second
Batting: RHB Luis Delvalle 0-0: Called Strike
0-1: Called Strike
0-2: Strikes out swinging
Batting: LHB Daniel García 0-0: Ball
1-0: Swinging Strike
1-1: Foul Ball, location: 2F
1-2: Strikes out swinging
Bottom of the 2nd over - 0 runs, 1 hit, 0 errors, 1 left on base; Ellenburg 0 - Calgary 0
TOP OF THE 3RD
Ellenburg Fighting Dachsunds batting - Pitching for Calgary Lynx : RHP Greg Fontenot
Batting: RHB José Barroca 0-0: Called Strike
0-1: Foul Ball, location: 2F
0-2: Ball
1-2: Strikes out looking
Batting: RHB Mark Keys 0-0: Ball
1-0: Foul Ball, location: 2F
1-1: Ball
2-1: Ball
3-1: Foul Ball, location: 2F
3-2: Ground out 6-3 (Groundball, 6M)
Batting: RHB Oscar McMillan 0-0: Ball
1-0: Ball
2-0: Called Strike
2-1: Foul Ball, location: 2F
2-2: Strikes out looking
Top of the 3rd over - 0 runs, 0 hits, 0 errors, 0 left on base; Ellenburg 0 - Calgary 0
BOTTOM OF THE 3RD
Calgary Lynx batting - Pitching for Ellenburg Fighting Dachsunds : LHP Gerald Bolton
Batting: RHB Cody Jaeckel 0-0: Ball
1-0: Swinging Strike
1-1: Ball
2-1: Ball
3-1: Foul Ball, location: 2F
3-2: Strikes out looking
Batting: RHB Rubén Medina 0-0: Called Strike
0-1: Foul Ball, location: 2F
0-2: Ball
1-2: Foul Ball, location: 2F
1-2: Ball
2-2: Ball
3-2: Foul Ball, location: 2F
3-2: Strikes out swinging
Batting: RHB Jing-sheng Joo 0-0: Ball
1-0: Ball
2-0: Called Strike
2-1: Ball
3-1: Base on Balls
Batting: LHB Michael Ward 0-0: Ball
Jing-sheng Joo is caught stealing 2nd base
Bottom of the 3rd over - 0 runs, 0 hits, 0 errors, 0 left on base; Ellenburg 0 - Calgary 0
TOP OF THE 4TH
Ellenburg Fighting Dachsunds batting - Pitching for Calgary Lynx : RHP Greg Fontenot
Batting: SHB Ben Boston 0-0: Ball
1-0: Ball
2-0: Ball
3-0: Called Strike
3-1: Base on Balls
Batting: LHB Vladya Pugiev 0-0: Foul Ball, location: 2F
0-1: Ball
1-1: Ground out U3 (Groundball, 34)
Ben Boston to second
Batting: RHB Alan McLennan 0-0: Ball
1-0: Fly out, F8 (Flyball, 8RS)
Batting: RHB Asko Riikonen 0-0: Foul Ball, location: 2F
0-1: Called Strike
0-2: Foul Ball, location: 2F
0-2: Ball
1-2: Foul Ball, location: 2F
1-2: Ball
2-2: Ball
3-2: Ground out 4-3 (Groundball, 4M)
Top of the 4th over - 0 runs, 0 hits, 0 errors, 1 left on base; Ellenburg 0 - Calgary 0
BOTTOM OF THE 4TH
Calgary Lynx batting - Pitching for Ellenburg Fighting Dachsunds : LHP Gerald Bolton
Batting: LHB Michael Ward 0-0: Bunt missed!
0-1: Fly out, F8 (Line Drive, 8LD)
Batting: RHB Hani Azwan 0-0: Ball
1-0: Fly out, F8 (Flyball, 8LM)
Batting: RHB Júlio Vargas 0-0: Called Strike
0-1: Ball
1-1: Ground out 3-1 (Groundball, 34S)
Bottom of the 4th over - 0 runs, 0 hits, 0 errors, 0 left on base; Ellenburg 0 - Calgary 0
TOP OF THE 5TH
Ellenburg Fighting Dachsunds batting - Pitching for Calgary Lynx : RHP Greg Fontenot
Batting: LHB Vicente Castaneda 0-0: Ball
1-0: Swinging Strike
1-1: Foul Ball, location: 2F
1-2: Ball
2-2: SINGLE (Groundball, 25) (infield hit)
Batting: RHB Manuel Rosales 0-0: Ball
1-0: Sac Bunt - play at second, runner OUT! 1-6
Batting: RHB José Barroca 0-0: Ball
1-0: Called Strike
1-1: Ball
2-1: Fly out, F7 (Flyball, 7S)
Batting: RHB Mark Keys 0-0: Foul Ball, location: 2F
0-1: Ball
1-1: Ball
2-1: Foul Ball, location: 2F
2-2: Foul Ball, location: 2F
2-2: Strikes out swinging
Top of the 5th over - 0 runs, 1 hit, 0 errors, 1 left on base; Ellenburg 0 - Calgary 0
BOTTOM OF THE 5TH
Calgary Lynx batting - Pitching for Ellenburg Fighting Dachsunds : LHP Gerald Bolton
Batting: RHB José de la Cavallería 0-0: Ball
1-0: Ground out U3 (Groundball, 34S)
Batting: RHB Luis Delvalle 0-0: Swinging Strike
0-1: Foul Ball, location: 2F
0-2: Ball
1-2: Foul Ball, location: 2F
1-2: Ball
2-2: Ball
3-2: Fly out, F7 (Flyball, 7D)
Batting: LHB Daniel García 0-0: Called Strike
0-1: Ball
1-1: Fly out, F8 (Flyball, 8LXD)
Bottom of the 5th over - 0 runs, 0 hits, 0 errors, 0 left on base; Ellenburg 0 - Calgary 0
TOP OF THE 6TH
Ellenburg Fighting Dachsunds batting - Pitching for Calgary Lynx : RHP Greg Fontenot
Batting: RHB Oscar McMillan 0-0: Called Strike
0-1: Ball
1-1: Swinging Strike
1-2: Strikes out looking
Batting: SHB Ben Boston 0-0: Ball
1-0: Ball
2-0: Ball
3-0: Called Strike
3-1: Base on Balls
Batting: LHB Vladya Pugiev 0-0: Called Strike
0-1: Foul Ball, location: 2F
0-2: Foul Ball, location: 2F
0-2: Ball
1-2: Foul Ball, location: 2F
1-2: Ball
2-2: Strikes out looking
Batting: RHB Alan McLennan 0-0: Ball
1-0: Called Strike
1-1: Ball
2-1: Ball
3-1: Called Strike
3-2: Fly out, F7 (Flyball, 78M)
Top of the 6th over - 0 runs, 0 hits, 0 errors, 1 left on base; Ellenburg 0 - Calgary 0
BOTTOM OF THE 6TH
Calgary Lynx batting - Pitching for Ellenburg Fighting Dachsunds : LHP Gerald Bolton
Batting: RHB Cody Jaeckel 0-0: Ball
1-0: Foul Ball, location: 2F
1-1: Ball
2-1: Ball
3-1: Ground out 6-3 (Groundball, 6)
Batting: RHB Rubén Medina 0-0: Foul Ball, location: 2F
0-1: Swinging Strike
0-2: Ball
1-2: Strikes out looking
Batting: RHB Jing-sheng Joo 0-0: SINGLE (Groundball, 56) (infield hit)
Batting: LHB Michael Ward 0-0: Fly out, F7 (Flyball, 78M)
Bottom of the 6th over - 0 runs, 1 hit, 0 errors, 1 left on base; Ellenburg 0 - Calgary 0
TOP OF THE 7TH
Ellenburg Fighting Dachsunds batting - Pitching for Calgary Lynx : RHP Greg Fontenot
Pitching: RHP Wai-ho Fan
Batting: RHB Asko Riikonen 0-0: Ball
1-0: Called Strike
1-1: Ball
2-1: Foul Ball, location: 2F
2-2: Foul Ball, location: 2F
2-2: Strikes out swinging
Batting: LHB Vicente Castaneda 0-0: Swinging Strike
0-1: Ball
1-1: SINGLE (Groundball, 4D)
Pinch Hitting: SHB Norm Singletary 0-0: Foul Ball, location: 2F
0-1: Ball
1-1: 2-RUN HOME RUN (Flyball, 9D), Distance : 346 ft
Pitching: RHP José Larranaga
Batting: RHB José Barroca 0-0: Ball
1-0: Ball
2-0: Fly out, F9 (Flyball, 89M)
Batting: RHB Mark Keys 0-0: Ball
1-0: Ball
2-0: Foul Ball, location: 2F
2-1: Ball
3-1: Swinging Strike
3-2: Strikes out swinging
Top of the 7th over - 2 runs, 2 hits, 0 errors, 0 left on base; Ellenburg 2 - Calgary 0
BOTTOM OF THE 7TH
Calgary Lynx batting - Pitching for Ellenburg Fighting Dachsunds : LHP Gerald Bolton
Now at C: Roy Bowman
Now at 2B: Norm Singletary
Batting: RHB Hani Azwan 0-0: Ball
1-0: Ball
2-0: Called Strike
2-1: Foul Ball, location: 2F
2-2: Ball
3-2: Base on Balls
Batting: RHB Júlio Vargas 0-0: Ball
1-0: Ball
2-0: Ground out 3-1 (Groundball, 34S)
Hani Azwan to second
Batting: RHB José de la Cavallería 0-0: Ball
Hani Azwan steals 3rd base
1-0: Swinging Strike
1-1: Swinging Strike
1-2: Strikes out swinging
Batting: RHB Luis Delvalle 0-0: Foul Ball, location: 2F
0-1: Ball
1-1: Ball
2-1: Foul Ball, location: 2F
2-2: Ball
3-2: Base on Balls
Batting: LHB Daniel García 0-0: Ball
1-0: SINGLE (Groundball, 34S) (infield hit)
Hani Azwan scores
Luis Delvalle to second
Pinch Runner at 2nd Jimmy Fick:
Batting: RHB Cody Jaeckel 0-0: Ball
1-0: Called Strike
1-1: Fielders Choice at 2nd, 6-4 (Groundball, 6D)
Bottom of the 7th over - 1 run, 1 hit, 0 errors, 2 left on base; Ellenburg 2 - Calgary 1
TOP OF THE 8TH
Ellenburg Fighting Dachsunds batting - Pitching for Calgary Lynx : RHP José Larranaga
Now in CF: Jimmy Fick
Batting: RHB Oscar McMillan 0-0: Ball
1-0: Fly out, F3 (Popup, 3)
Batting: SHB Ben Boston 0-0: Ball
1-0: Ball
2-0: Ball
3-0: Base on Balls
Batting: LHB Vladya Pugiev 0-0: Called Strike
0-1: Ball
1-1: Ball
2-1: Ball
3-1: Foul Ball, location: 2F
3-2: Strikes out swinging
Batting: RHB Alan McLennan 0-0: Ball
1-0: Called Strike
1-1: Foul Ball, location: 2F
1-2: Strikes out looking
Top of the 8th over - 0 runs, 0 hits, 0 errors, 1 left on base; Ellenburg 2 - Calgary 1
BOTTOM OF THE 8TH
Calgary Lynx batting - Pitching for Ellenburg Fighting Dachsunds : LHP Gerald Bolton
Now in LF: Howard Nardo
Batting: RHB Rubén Medina 0-0: SINGLE (Groundball, 4M) (infield hit)
Batting: RHB Jing-sheng Joo 0-0: Ball
1-0: Ball
2-0: Fielders Choice at 2nd, 6-4 (Groundball, 56D)
Pinch Hitting: RHB Alberto Salas 0-0: Ball
1-0: 2-RUN HOME RUN (Flyball, 9D), Distance : 357 ft
Batting: RHB Hani Azwan 0-0: SINGLE (Groundball, 3D)
Batting: RHB Júlio Vargas 0-0: Foul Ball, location: 2F
0-1: Ball
1-1: Ball
2-1: Swinging Strike
2-2: Foul Ball, location: 2F
2-2: Ground out 6-3 (Groundball, 6S)
Hani Azwan to second
Batting: RHB José de la Cavallería 0-0: Intentional Walk
Pitching: LHP Denis Melis
Batting: RHB Jimmy Fick 0-0: Fly out, F7 (Flyball, 78XD)
Bottom of the 8th over - 2 runs, 3 hits, 0 errors, 2 left on base; Ellenburg 2 - Calgary 3
TOP OF THE 9TH
Ellenburg Fighting Dachsunds batting - Pitching for Calgary Lynx : RHP José Larranaga
Now at 1B: Bertrand Pick
Batting: RHB Asko Riikonen 0-0: Ball
1-0: Ball
2-0: Swinging Strike
2-1: SINGLE (Flyball, 9S)
Batting: LHB Vicente Castaneda 0-0: Sac Bunt - play at first, batter OUT! 1-4
Asko Riikonen to second
Batting: SHB Norm Singletary 0-0: Ball
1-0: Ball
2-0: 2-RUN HOME RUN (Flyball, 7LD), Distance : 368 ft
Batting: RHB Roy Bowman 0-0: Foul Ball, location: 2F
0-1: Ball
1-1: Called Strike
1-2: Strikes out swinging
Batting: RHB Mark Keys 0-0: Ball
1-0: Called Strike
1-1: Called Strike
1-2: SINGLE (Groundball, 5) (infield hit)
Batting: RHB Oscar McMillan 0-0: Ball
1-0: Ball
2-0: Called Strike
2-1: Called Strike
2-2: Foul Ball, location: 2F
2-2: Strikes out swinging
Top of the 9th over - 2 runs, 3 hits, 0 errors, 1 left on base; Ellenburg 4 - Calgary 3
BOTTOM OF THE 9TH
Calgary Lynx batting - Pitching for Ellenburg Fighting Dachsunds : LHP Denis Melis
Pitching: RHP Garrett Harrington
Batting: LHB Daniel García 0-0: Called Strike
0-1: Fly out, F9 (Flyball, 89D)
Pinch Hitting: LHB Xuan-ling Chen 0-0: Ball
1-0: Called Strike
1-1: Ball
2-1: SINGLE (Flyball, 9LS)
Pinch Hitting: RHB Gabriel Hernández 0-0: Called Strike
0-1: SINGLE (Line Drive, 89M)
Xuan-ling Chen to second
Batting: RHB Jing-sheng Joo 0-0: Fly out, F7 (Flyball, 7LMF)
Batting: RHB Bertrand Pick 0-0: Swinging Strike
0-1: Ball
1-1: Ball
2-1: Fielders Choice at 2nd, 6-4 (Groundball, 6)
Bottom of the 9th over - 0 runs, 2 hits, 0 errors, 2 left on base; Ellenburg 4 - Calgary 3
Friday, March 29th, 2019 - OOTP Baseball 18.8 Build 76